 Dungeon Crawl Stone Soup version 0.32-a0-42-ga30500b (webtiles) character file.

Game seed: 13858867294416925616

6551 Dorkslayer the Grappler (level 11, -9/69 (71) HPs)
             Began as an Octopode Fighter on Feb 1, 2024.
             Was a Follower of Dithmenos.
             Mangled by a death yak (16 damage)
             ... on level 9 of the Dungeon.
             The game lasted 00:24:43 (8200 turns).

Dorkslayer the Grappler (Octopode Fighter)          Turns: 8200, Time: 00:24:44

HP:   -9/69 (71)    AC:  5    Str: 31    XL:     11   Next: 1%
MP:   20/20         EV: 13    Int: 17    God:    Dithmenos [*.....]
Gold: 442           SH: 14    Dex: 12    Spells: 10/10 levels left

rFire   . . .        u - +4 morningstar (freeze)
rCold   + . .        o - +0 tower shield
rNeg    . . .        (helmet restricted)
rPois   .            n - amulet of the acrobat
rElec   .            c - ring of protection from cold
rCorr   .            h - ring of flight
SInv    .            r - +6 ring of strength
Will    .....        v - +6 ring of strength
Stlth   +++++        i - ring of magical power
HPRegen 0.31/turn    y - +6 ring of intelligence
MPRegen 0.17/turn    z - +4 ring of protection
                     (no ring)

%: acrobat
@: mighty, about to teleport, flying, wreathed by umbra, studying Dodging,
lightly drained
A: almost no armour, amphibious, 8 rings, camouflage 1, gelatinous body 1,
(nimble swimmer 1), tentacles
a: Renounce Religion


You were on level 9 of the Dungeon.
You worshipped Dithmenos.
Dithmenos was aware of your devotion.
You visited 2 branches of the dungeon, and saw 10 of its levels.
You also visited: Sewer.

You collected 442 gold pieces.

Inventory:

Hand Weapons
 f - a +0 war axe
 u - a +4 morningstar of freezing (weapon)
 B - a +2 trident of flaming
Missiles
 j - 6 boomerangs (quivered)
 x - a throwing net
Armour
 a - a +0 buckler
 o - a +0 tower shield (worn)
Jewellery
 c - a ring of protection from cold (left tentacle)
 h - a ring of flight (right tentacle)
 i - a ring of magical power (on tentacle)
 n - an amulet of the acrobat (around mantle)
 r - a +6 ring of strength (on tentacle)
 v - a +6 ring of strength (on tentacle)
 y - a +6 ring of intelligence (on tentacle)
 z - a +4 ring of protection (on tentacle)
Wands
 t - a wand of charming (11)
Scrolls
 p - a scroll of fog
 q - 4 scrolls of fear
 s - a scroll of teleportation
Potions
 e - 2 potions of brilliance
 g - a potion of lignification
 l - a potion of magic
 m - a potion of resistance
 w - a potion of mutation
 A - a potion of curing
 C - 2 potions of enlightenment


   Skills:
 * Level 5.1 Fighting
 * Level 3.8 Maces & Flails
 + Level 0.3 Throwing
 * Level 7.0 Dodging
 + Level 6.2 Stealth
 + Level 7.9 Shields
 * Level 10.3 Unarmed Combat
 * Level 5.7 Evocations


You had 10 spell levels left.
You didn't know any spells.
Your spell library contained the following spells:

 Spells                   Type           Power      Damage    Failure   Level
 Mercury Vapours          Alch/Air       0%         N/A       73%         2
 Mephitic Cloud           Conj/Alch/Air  0%         N/A       91%         3
 Freezing Cloud           Conj/Ice/Air   0%         6-21      100%        5


Dungeon Overview and Level Annotations

Branches:
Dungeon (9/15)             Temple (1/1) D:6           Sewer (visited)
   Lair: D:8-11         Orc: D:9-12

Altars:
Ashenzari
Cheibriados
Dithmenos
Elyvilon
Fedhas
Gozag
Hepliaklqana
Kikubaaqudgha
Makhleb
Nemelex Xobeh
Okawaru
Qazlal
Ru
Sif Muna
Trog
Uskayaw
Vehumet
Wu Jian
Xom
Yredelemnul
Zin
The Shining One

Shops:
D:8 (

Annotations:
Temple 2 transporters


Innate Abilities, Weirdness & Mutations

You cannot wear most types of armour.
You are amphibious.
You can wear up to eight rings at the same time.
Your skin changes colour to match your surroundings (Stealth+).
Your rubbery body absorbs attacks. (AC +1, EV +1)
((You are camouflaged when in or above water. (Stealth+)))
You have tentacles for arms and can constrict up to eight enemies at once.


Message History

A hell rat comes into view.
The hell rat moves out of view.
You see here a yak corpse.
You feel much better.
The rat squeaks loudly.
You hear a deafening roar!
You hear a bellow!
You hear a loud squeak.
You hear a deafening roar!
You hear a loud squeak.
You barely miss the death yak. You squeeze the death yak.
The death yak is lightly wounded.
The death yak gores you!
You barely miss the death yak.
The death yak is lightly wounded.
The death yak closely misses you. You block the death yak's attack.
You barely miss the death yak.
The death yak is lightly wounded.
You block the hell rat's attack. The death yak gores you!!
You completely miss the death yak.
The death yak is lightly wounded.
You block the hell rat's attack. The death yak gores you!!
* * * LOW HITPOINT WARNING * * *
The hell rat bites you!
* * * LOW HITPOINT WARNING * * *
You feel drained.
* * * LOW HITPOINT WARNING * * *
A death yak comes into view.
You block the death yak's attack. You block the hell rat's attack.
The death yak attacks as it pursues you!
The death yak completely misses you.
You puncture the hell rat! You freeze the hell rat.
You kill the hell rat!
Dithmenos accepts your kill.
You hear a deafening roar!
You block the death yak's attack.
You hear a loud squeak.
You hear a deafening roar!
Okay, then.
Okay, then.
You barely miss the death yak. You block the death yak's attack.
As you read the scroll of teleportation, it crumbles to dust.
You feel strangely unstable. The death yak gores you!
You die...

.Y.....#.#.#
.§..^..#.#.#######
..................
.§r.§.§#(#Y####
......##.#.#
§..YY. #.#r# .....
#.#r# ..§#.
#.#Y##### ....
#.#rY@..# ###.
#...###.# ###.# #
#.# #.# #.# #.#
#.# #.# #.# #b#
#.# #b# #.# #.#


You could see 2 death yaks and a hell rat.

Vanquished Creatures
  A death yak (D:9)
  A two-headed ogre (D:8)
  Pikel (D:7)
  Maggie (D:7)
  Prince Ribbit (D:8)
  Sigmund (D:3)
  3 yaks (D:9)
  A wraith (D:8)
  2 steam dragons
  A water moccasin (D:8)
  3 black bears
  2 orc warriors
  An ice beast (D:5)
  A crocodile (Sewer)
  3 ogres
  2 centaurs
  3 lemures (D:7)
  A phantom (D:5)
  2 bullfrogs
  4 scorpions
  10 wights
  9 killer bees (D:8)
  A howler monkey (D:3)
  2 bombardier beetles (D:7)
  A jelly (D:7)
  A gnoll bouda (D:5)
  2 hounds
  2 iguanas
  4 orc priests
  9 orc wizards
  A hell rat (D:9)
  5 gnolls (D:5)
  12 adders
  A shadow imp (D:7)
  7 ufetubi
  4 dart slugs
  6 ribbon worms
  25 orcs
  12 endoplasms
  2 giant cockroaches
  7 goblins
  8 hobgoblins
  2 jackals (Sewer)
  4 quokkas
  9 ball pythons
  11 bats
  6 frilled lizards
  9 kobolds
  6 rats
213 creatures vanquished.

Notes
Turn   | Place    | Note
-------+----------+-------------------------------------------
     0 | D:1      | Dorkslayer the Octopode Fighter began the quest for the
                  | Orb.
     0 | D:1      | Reached XP level 1. HP: 16/16 MP: 1/1
   160 | D:1      | Reached XP level 2. HP: 21/21 MP: 2/2
   599 | D:1      | Reached XP level 3. HP: 25/26 MP: 3/3
   603 | D:1      | Reached skill level 1 in Stealth
  1073 | D:2      | Reached skill level 3 in Unarmed Combat
  1169 | D:2      | Noticed a scorpion
  1173 | D:2      | Reached XP level 4. HP: 30/31 MP: 4/4
  1178 | D:2      | Killed a scorpion
  1179 | D:2      | Reached XP level 5. HP: 24/36 MP: 5/5
  1326 | D:2      | Reached skill level 4 in Unarmed Combat
  2039 | D:3      | Identified the +6 quarterstaff of Mana {freeze, rCorr}
  2092 | D:3      | Reached XP level 6. HP: 39/42 MP: 6/6
  2340 | D:3      | Noticed Sigmund
  2348 | D:3      | Killed Sigmund
  2349 | D:3      | Reached skill level 5 in Unarmed Combat
  2349 | D:3      | Reached skill level 1 in Evocations
  2588 | D:3      | Reached XP level 7. HP: 44/46 MP: 7/7
  3281 | D:4      | HP: 1/46 [something (3)]
  3286 | D:4      | Reached skill level 6 in Unarmed Combat
  3730 | D:5      | Entered Level 5 of the Dungeon
  3731 | D:5      | Found a glowing drain.
  3752 | D:5      | Reached XP level 8. HP: 53/53 MP: 8/8
  3780 | Sewer    | Entered a sewer
  4105 | D:5      | Found an ornate altar of the Wu Jian Council.
  4105 | D:5      | Found a basalt altar of Yredelemnul.
  4106 | D:5      | Found an opulent altar of Gozag.
  4107 | D:5      | Found a blossoming altar of Fedhas.
  4110 | D:5      | Found a white marble altar of Elyvilon.
  4249 | D:5      | Reached skill level 7 in Unarmed Combat
  4294 | D:5      | Reached skill level 5 in Stealth
  4552 | D:5      | Reached skill level 5 in Shields
  4940 | D:6      | Reached XP level 9. HP: 29/58 MP: 9/9
  5131 | D:6      | Reached skill level 8 in Unarmed Combat
  5541 | D:6      | Found a staircase to the Ecumenical Temple.
  5630 | Temple   | Found a transporter.
  5630 | Temple   | Found a transporter.
  5630 | Temple   | Found a transporter.
  5630 | Temple   | Found a transporter.
  5630 | Temple   | Entered the Ecumenical Temple
  5643 | Temple   | Became a worshipper of Dithmenos the Shadowed
  6013 | D:7      | Found a sacrificial altar of Ru.
  6203 | D:7      | Found a hazy altar of Hepliaklqana.
  6218 | D:7      | Noticed Maggie
  6231 | D:7      | Killed Maggie
  6232 | D:7      | Reached skill level 5 in Dodging
  6388 | D:7      | Reached skill level 9 in Unarmed Combat
  6477 | D:7      | Noticed Pikel
  6505 | D:7      | Killed Pikel
  6506 | D:7      | Reached XP level 10. HP: 44/63 MP: 10/10
  6790 | D:7      | Identified a scroll of acquirement
  6790 | D:7      | Acquired a manual of Dodging
  6961 | D:8      | Noticed a two-headed ogre
  6979 | D:8      | Killed a two-headed ogre
  6980 | D:8      | Reached skill level 10 in Unarmed Combat
  6980 | D:8      | Reached skill level 5 in Evocations
  7075 | D:8      | Reached * piety under Dithmenos
  7295 | D:8      | Reached skill level 1 in Maces & Flails
  7662 | D:8      | Found Ontavoeh's Antique Weapon Boutique.
  8093 | D:8      | Noticed Prince Ribbit
  8098 | D:8      | Killed Prince Ribbit
  8164 | D:9      | Noticed a death yak
  8165 | D:9      | Noticed a death yak
  8177 | D:9      | Killed a death yak
  8178 | D:9      | Reached skill level 5 in Fighting
  8184 | D:9      | Reached XP level 11. HP: 27/71 MP: 11/11
  8195 | D:9      | Noticed a death yak
  8200 | D:9      | Mangled by a death yak

Illustrated notes

Levels and vault maps discovered:
D:1:      matt_arrival_diagonals, layout_loops_ring, serial_forest,
          infiniplex_forest_clump_double, infiniplex_forest_zigzag_1,
          infiniplex_forest_lined_2, infiniplex_forest_clump_curved,
          infiniplex_forest_clump_double, infiniplex_forest_clump_tiny,
          infiniplex_forest_clump_double, minmay_misc_feat_ornament
D:2:      minmay_thinvault, layout_basic, serial_park_tiny_1
D:3:      layout_loops_ring, serial_rivers, chequers_serial_rivers_small_3,
          chequers_serial_rivers_small_b, chequers_serial_rivers_marsh,
          chequers_serial_rivers_small_a, chequers_serial_rivers_micro_e,
          minmay_close_crescents, uniq_sigmund
D:4:      layout_loops_ring, minmay_misc_feat_tiny
D:5:      layout_loops_corners, grunt_temple_overflow_open, portal_sewer_entry_d
D:6:      layout_gridville, minmay_temple_entry_tees
D:7:      layout_basic, lemuel_crystal_altar, nicolae_hepliaklqana_hazy_memory,
          uniq_maggie, uniq_pikel
D:8:      layout_gridville, serial_shops, nicolae_shop_tiny_glass,
          hangedman_decor_slide_cut, uniq_prince_ribbit1
D:9:      layout_loops_ring, dpeg_lair_monsters, serial_shops,
          nicolae_shop_behind_doors, enter_bailey_5
Temple:   hellmonk_temple_divided_pantheon

Skill      XL: |  1  2  3  4  5  6  7  8  9 10 |
---------------+-------------------------------+-----
Stealth        | 1 2 3 4 5 6 |  6.2
Unarmed Combat | 3 4 5 6 7 9 10 | 10.3
Evocations     | 1 2 3 4 5 |  5.7
Dodging        | 4 5 7 |  7.0
Shields        | 4 5 7 |  7.9
Fighting       | 4 5 |  5.1
Maces & Flails | 3 |  3.8
Throwing       | |  0.3

Action                     |  1- 3 |  4- 6 |  7- 9 | 10-12 || total
---------------------------+-------+-------+-------+-------++-------
  Melee: Unarmed           |   105 |    63 |   234 |    11 ||   413
         Constrict         |    28 |    18 |    50 |    16 ||   112
         Tentacles         |    24 |    13 |    47 |    19 ||   103
         Punch             |     2 |     3 |    19 |    11 ||    35
         Morningstar       |       |       |       |    97 ||    97
  Throw: Boomerang         |       |       |     1 |     7 ||     8
  Evoke: Wand              |       |     2 |     1 |     2 ||     5
    Use: Scroll            |       |     4 |    11 |     9 ||    24
         Potion            |       |       |    12 |     5 ||    17
   Stab: Sleeping          |     9 |     6 |    15 |     6 ||    36
         Distracted        |       |       |     1 |       ||     1
 Armour: Skin              |    34 |    25 |   114 |    70 ||   243
  Dodge: Dodged            |    48 |    22 |    73 |   107 ||   250
  Block: Buckler           |    15 |     1 |       |       ||    16
         Tower shield      |       |    30 |   147 |   175 ||   352

Table legend: (Time is in decaauts)
 A = Elapsed time spent in this place.
 B = Non-inter-level travel time spent in this place.
 C = Inter-level travel time spent in this place.
 D = Time resting spent in this place.
 E = Time spent auto-exploring this place.
 F = Levels seen in this place.
 G = Mean time per level.
                   A        B        C        D        E       F      G
               +--------+--------+--------+--------+--------+-----+--------+
         Total |   8254 |   8254 |      0 |     54 |   4462 |  11 |  750.4 |
       Dungeon |   8015 |   8015 |      0 |     54 |   4378 |   9 |  890.6 |
        Temple |     26 |     26 |      0 |      0 |      0 |   1 |   26.0 |
         Sewer |    212 |    212 |      0 |      0 |     84 |   1 |  212.0 |
               +--------+--------+--------+--------+--------+-----+--------+

Top non-repeatable levels by time:
     D:8: 1371 daAuts
     D:2: 1050 daAuts
     D:5: 966 daAuts
     D:7: 938 daAuts
     D:4: 937 daAuts
     D:3: 912 daAuts
     D:6: 905 daAuts
     D:1: 847 daAuts
   Sewer: 212 daAuts
     D:9: 86 daAuts
  Temple: 26 daAuts
